 Dungeon Crawl Stone Soup version 0.19.1 (webtiles) character file.

147 nikopol the Skirmisher (level 5, 0/49 HPs)
             Began as a Gargoyle Berserker on Dec 18, 2016.
             Was a Priest of Trog.
             Slain by a big kobold
             ... wielding a +1 trident of piercing
              (1 damage)
             ... on level 3 of the Dungeon.
             The game lasted 00:06:32 (2610 turns).

nikopol the Skirmisher (Gargoyle Berserker)         Turns: 2610, Time: 00:06:32

Health: 0/49       AC: 11    Str: 26    XL:     5   Next: 29%
Magic:  5/5        EV: 11    Int:  3    God:    Trog [***...]
Gold:   181        SH:  0    Dex: 10    Spells: 0 memorised, 4 levels left

rFire  . . .     SeeInvis .     a - +0 hand axe
rCold  . . .     Gourm    .     e - +0 ring mail
rNeg   + . .     Faith    .     (no shield)
rPois  ∞         Spirit   .     (no helmet)
rElec  +         Reflect  .     p - +0 cloak
rCorr  .         Harm     .     (no gloves)
MR     .....                    (no boots)
Stlth  ..........               (no amulet)
                                (no ring)
                                v - -4 ring of intelligence (curse)

@: berserking (expiring), very quick
A: negative energy resistance 1, electricity resistance, unbreathing,
petrification resistance, rot immunity, AC +4
a: Berserk, Trog's Hand, Burn Spellbooks, Renounce Religion


You were on level 3 of the Dungeon.
You worshipped Trog.
Trog was most pleased with you.
You were hungry.

You visited 1 branch of the dungeon, and saw 3 of its levels.

You collected 181 gold pieces.

Inventory:

Hand Weapons
 a - a +0 hand axe (weapon)
Armour
 b - a +0 animal skin
 e - a +0 ring mail (worn)
 p - a +0 cloak (worn)
Jewellery
 v - a cursed -4 ring of intelligence (left hand)
 x - an uncursed amulet of regeneration {unknown}
Scrolls
 d - 3 scrolls of remove curse {unknown}
 h - 2 scrolls of fog {unknown}
 l - 2 scrolls of identify {unknown}
 o - a scroll of recharging {unknown}
 r - a scroll of magic mapping {unknown}
 s - a scroll of immolation {unknown}
Potions
 g - 2 potions of curing {unknown}
 i - a potion of heal wounds {unknown}
 j - a potion of mutation {unknown}
 k - a potion of resistance {unknown}
 m - a potion of might {unknown}
 n - a potion of magic {unknown}
 q - a potion of agility {unknown}
 t - a potion of haste {unknown}
 u - a potion of cure mutation {unknown}
 z - a potion of flight {unknown}
Comestibles
 c - 2 bread rations
 f - 4 meat rations


   Skills:
 + Level 4.2 Fighting
 + Level 3.5 Axes
 + Level 3.7 Armour
 + Level 2.2 Dodging


You had 4 spell levels left.
You didn't know any spells.

Dungeon Overview and Level Annotations

Branches:
Dungeon (3/15)

Altars:
Qazlal


Innate Abilities, Weirdness & Mutations

You are resistant to torment.
Your stone body is resilient. (AC +4)
You are immune to poison.
You resist negative energy. (rN+)
You are resistant to electric shocks. (rElec)
You can survive without breathing.
You are immune to petrification.
You are immune to rotting.


Message History

The big kobold misses you.
You closely miss the big kobold.
The big kobold is severely wounded.
The big kobold hits you with a trident of piercing.
* * * LOW HITPOINT WARNING * * *
x2 You barely miss the big kobold.
The big kobold is severely wounded.
You closely miss the big kobold.
The big kobold is severely wounded.
The big kobold closely misses you.
You barely miss the big kobold.
The big kobold is severely wounded.
The big kobold misses you.
You closely miss the big kobold.
The big kobold is severely wounded.
You miss the big kobold.
The big kobold is severely wounded.
The big kobold hits you with a trident of piercing.
* * * LOW HITPOINT WARNING * * *
You die...

#..............# #####
#..............# #....
#..............# ##.##
#.......##'##### #.
#.......##.# #.
###'#'####.# #. #.#.#
#.# #. #.#)# #.# #.
#.#@# #+# ... #.#K# #.
#.#K# #.#.. #.#### #+#
#....# #.##########.
#######.# #............
#.......# #.........###
#.......#+#..#.........


You could see a big kobold and a kobold.

Vanquished Creatures
  7 adders
  3 worms
  2 dart slugs (D:1)
  2 leopard geckos (D:3)
  3 orcs (D:3)
  4 ball pythons
  10 bats
  6 giant cockroaches
  3 goblins
  5 hobgoblins
  2 jackals (D:2)
  7 kobolds
  7 frilled lizards
  7 rats
68 creatures vanquished.

Notes
Turn   | Place    | Note
-------+----------+-------------------------------------------
     0 | D:1      | nikopol the Gargoyle Berserker began the quest for the Orb.
     0 | D:1      | Reached XP level 1. HP: 14/14 MP: 1/1
    72 | D:1      | Reached XP level 2. HP: 19/19 MP: 2/2
   538 | D:1      | Reached XP level 3. HP: 23/23 MP: 3/3
   743 | D:2      | Reached ** piety under Trog
  1099 | D:2      | Reached XP level 4. HP: 20/29 MP: 4/4
  1307 | D:2      | Reached skill level 4 in Fighting
  1336 | D:2      | Found a stormy altar of Qazlal.
  1731 | D:3      | Reached XP level 5. HP: 33/33 MP: 5/5
  2310 | D:3      | Noticed a big kobold
  2571 | D:3      | Reached *** piety under Trog
  2605 | D:3      | HP: 2/49 [big kobold/trident of piercing (1)]
  2610 | D:3      | HP: 1/49 [big kobold/trident of piercing (1)]
  2610 | D:3      | Slain by a big kobold

Skill      XL: |  1  2  3  4 |
---------------+-------------+-----
Axes           | 3 |  3.5
Dodging        | 2 |  2.2
Armour         | 3 |  3.7
Fighting       | 4 |  4.2

Action                   |  1- 3 |  4- 6 || total
-------------------------+-------+-------++-------
Melee: Hand axe          |   127 |   163 ||   290
Invok: Berserk           |       |     1 ||     1
 Stab: Sleeping          |     1 |       ||     1
  Eat: Chunk             |     1 |     5 ||     6
Armor: Animal skin       |     6 |       ||     6
       Ring mail         |    60 |    98 ||   158
Dodge: Dodged            |    88 |    95 ||   183
